 Dungeon Crawl Stone Soup version 0.29-a0-91-gdebf4667c2 (webtiles) character file.

Game seed: 8801103452040034065

14 siradein the Caller (level 2, 18/19 HPs)
             Began as a Vampire Summoner on Feb 8, 2022.
             Quit the game on level 1 of the Dungeon.
             The game lasted 00:01:14 (253 turns).

siradein the Caller (Vampire Summoner)               Turns: 253, Time: 00:01:14

Health: 18/19      AC:  2    Str:  7    XL:     2   Next: 31%
Magic:  4/5        EV: 12    Int: 17    God:
Gold:   13         SH:  0    Dex: 14    Spells: 4/5 levels left

rFire   . . .      SeeInvis +   c - +0 dagger
rCold   . . .      Faith    .   (no shield)
rNeg    . . .      Spirit   .   a - +0 robe
rPois   .          Reflect  .   (no helmet)
rElec   .          Harm     .   (no cloak)
rCorr   .          Rampage  .   (no gloves)
Will    .....                   (no boots)
Stlth   ++........              (no amulet)
HPRegen 0.26/turn               (no ring)
MPRegen 0.09/turn               (no ring)

@: healing quickly
A: alive, fangs 3, see invisible, vampiric 1
a: Exsanguinate


You were on level 1 of the Dungeon.
You visited 1 branch of the dungeon, and saw 1 of its levels.

You collected 13 gold pieces.

Inventory:

Hand Weapons
 c - a +0 dagger (weapon)
Armour
 a - a +0 robe (worn)
Scrolls
 b - a scroll of amnesia {unknown}


   Skills:
 + Level 2.6 Dodging
 - Level 3.0 Stealth
 + Level 2.3 Spellcasting
 + Level 4.2 Summonings


You had 4 spell levels left.
You knew the following spells:

 Your Spells              Type           Power      Damage    Failure   Level
a - Summon Small Mammal   Summ           64%        N/A       3%          1

Your spell library contained the following spells:

 Spells                   Type           Power      Damage    Failure   Level
 Call Imp                 Summ           16%        N/A       4%          2
 Call Canine Familiar     Summ           16%        N/A       10%         3
 Slow                     Hex            4%         N/A       19%         1
 Summon Guardian Golem    Hex/Summ       9%         N/A       24%         3
 Confusing Touch          Hex            1%         N/A       50%         3
 Vampiric Draining        Necr           1%         2d6       50%         3
 Summon Lightning Spire   Summ/Air       9%         N/A       61%         4


Dungeon Overview and Level Annotations

Branches:
Dungeon (1/15)

Altars:


Innate Abilities, Weirdness & Mutations

Your natural rate of healing is accelerated.
You have razor-sharp teeth.
You have supernaturally acute eyesight. (SInv)
You are afflicted with vampirism.


Message History

No target in view!
A rat comes into view.
You see here a +0 dagger of holy wrath.
A rat is nearby!
A rat is nearby!
A rat is nearby!
A rat is nearby!
Found a stone staircase leading down.
Found a hand axe.
The helpless rat fails to defend itself.
You puncture the rat!
You kill the rat!
No target in view!
No target in view!
No target in view!
A frilled lizard comes into view.
A frilled lizard is nearby!
A frilled lizard is nearby!
A frilled lizard is nearby!
A bat comes into view.
The frilled lizard hisses angrily.
Found 12 gold pieces.
The bat misses you.
The frilled lizard bites you but does no damage.
The bat misses you.
You closely miss the bat. You bite the bat, but do no damage.
The bat barely misses you. The frilled lizard barely misses you.
You hit the frilled lizard.
You kill the frilled lizard!
The bat hits you but does no damage. The bat hits you. The bat misses you.
You hit the bat.
The bat is moderately wounded.
The bat closely misses you. x2
You hit the bat but do no damage. You punch the bat.
The bat is severely wounded.
The bat hits you. The bat hits you but does no damage.
You miss the bat. Your bite misses the bat.
The bat is heavily wounded.
The bat completely misses you.
Are you sure you want to abandon this character and quit the game? (Confirm with "yes".)

...........#.
#.......######.....
♣♣♣...♣♣♣....
#......###...####.#
# #♣†♣# ♣..
.....##.......##'#
♣.♣ ♣.##
#.........#.# #
#♣.♣# #♣..##
#.........'.'
♣♣♣.♣.♣♣♣....###
#.........#.#
...♣♣♣....b#...##
##.......##'#
♣♣♣.♣.♣♣♣..###..###
###...###... #
#♣.♣# #♣.# ##r@$#
######.... ♣.♣ ♣.#
###b...... #..<. #
#♣.♣# #♣.# ####..#
##...
♣♣♣...♣♣♣..###### $
####
..)..........)....
#####..........#..
# #..†....>.....
#..........#..
############ .


You could see a bat (ally target) and a friendly rat (summoned).

Vanquished Creatures
  A dart slug (D:1)
  3 endoplasms (D:1)
  2 giant cockroaches (D:1)
  A goblin (D:1)
  A hobgoblin (D:1)
  A frilled lizard (D:1)
  2 rats (D:1)
11 creatures vanquished.

Notes
Turn   | Place    | Note
-------+----------+-------------------------------------------
     0 | D:1      | siradein the Vampire Summoner began the quest for the Orb.
     0 | D:1      | Reached XP level 1. HP: 13/13 MP: 3/3
   170 | D:1      | Reached XP level 2. HP: 19/19 MP: 3/5
   253 | D:1      | Quit the game

Illustrated notes

Levels and vault maps discovered:
D:1:      dpeg_arrival_three_bigger_balls, layout_rooms, serial_shops,
          nicolae_shop_window_shopping, minmay_stone_trees_medium

Action                   || total
-------------------------++-------
Melee: Hand axe          ||    11
       Dagger            ||    15
       Bite              ||     4
       Punch             ||     2
 Cast: Summon Small Mamm ||     5
 Stab: Sleeping          ||     5
Armor: Robe              ||     7
Dodge: Dodged            ||    16

Table legend: (Time is in decaauts)
 A = Elapsed time spent in this place.
 B = Non-inter-level travel time spent in this place.
 C = Inter-level travel time spent in this place.
 D = Time resting spent in this place.
 E = Time spent auto-exploring this place.
 F = Levels seen in this place.
 G = Mean time per level.
                   A        B        C        D        E       F      G
               +--------+--------+--------+--------+--------+-----+--------+
         Total |    255 |    255 |      0 |      0 |    157 |   1 |  255.0 |
       Dungeon |    255 |    255 |      0 |      0 |    157 |   1 |  255.0 |
               +--------+--------+--------+--------+--------+-----+--------+

Top non-repeatable levels by time:
     D:1: 255 daAuts
